AoeStats
← RagnarLothbrok

Arena

509334107Analyzed
4v4 RM · 5d ago on Sep 26, 2026· 39m 14s· 8 players
Game mode
Random Map
Map size
Large (8 player)
Population
200
Speed
Normal
Resources
Standard
Victory
Conquest
Starting age
Dark Age
Ending age
Imperial Age
RankedLock teamsTeams togetherTeam positionsShared explorationLock speedFull tech treeHidden civsTurbo modeCheats
Victory
Defeat
🇮🇶 Persians · Iraq
1416
+13
🇦🇺 Ethiopians · Australia
1379
+15
🇻🇪 Mongols · Venezuela
1361
+16
🇲🇽 Georgians · Mexico
1331
+17
🇨🇭 Byzantines · Switzerland
1401
-18
1351
-15
🇹🇼 Varangians · Taiwan
1348
-15
🇨🇳 Teutons · China
1310
-13
[TAIDA]宋楚魚
10:29 Feudal Age
11:46 Double-Bit Axe
14:04 Castle Age
12:58 Horse Collar
20:10 Bow Saw
21:11 Wheelbarrow
22:12 Gold Mining
24:16 Scale Mail Armor
24:27 Forging
27:09 Imperial Age
25:35 Chain Mail Armor
25:40 Hand Cart
25:15 Arson
25:30 Squires
25:54 Gambesons
27:45 Iron Casting
27:24 Elite Varangian Guard
29:16 Plate Mail Armor
31:17 Blast Furnace
32:46 Fletching
CuddlyBeast
7:27 Loom
11:40 Feudal Age
15:43 Castle Age
14:07 Double-Bit Axe
14:03 Horse Collar
17:37 Bow Saw
17:29 Heavy Plow
19:13 Wheelbarrow
21:14 Loom
21:53 Hand Cart
23:11 Gold Mining
28:50 Imperial Age
26:31 Husbandry
27:03 Scale Barding Armor
27:23 Forging
28:02 Gold Shaft Mining
27:22 Stone Mining
28:54 Heavy Camel Rider
30:06 Chain Barding Armor
32:58 Plate Barding Armor
32:59 Iron Casting
34:01 Scale Mail Armor
33:26 Pikeman
34:07 Squires
33:53 Arson
34:59 Crop Rotation
35:25 Chain Mail Armor
34:34 Halberdier
36:58 Fletching
37:43 Plate Mail Armor
苍真
6:21 Loom
8:43 Feudal Age
11:46 Fletching
23:07 Castle Age
29:21 Imperial Age
26:47 Gold Mining
27:00 Padded Archer Armor
28:51 Double-Bit Axe
28:53 Horse Collar
31:53 Chemistry
32:18 Bow Saw
32:47 Leather Archer Armor
35:33 Ring Archer Armor
36:03 Conscription
twitch.tv/TheSeniorSmurf
9:47 Feudal Age
13:54 Castle Age
12:13 Double-Bit Axe
12:32 Horse Collar
15:41 Bow Saw
20:32 Heavy Plow
21:32 Fervor
21:14 Gold Mining
22:25 Wheelbarrow
22:33 Stone Mining
23:39 Hand Cart
25:52 Loom
28:51 Imperial Age
26:41 Scale Barding Armor
26:58 Forging
29:54 Chain Barding Armor
30:09 Iron Casting
30:52 Conscription
30:46 Bloodlines
30:37 Husbandry
31:42 Plate Barding Armor
30:36 Heavy Camel Rider
31:47 Heavy Camel Rider
34:06 Blast Furnace
33:02 Fletching
33:34 Ballistics
33:25 Masonry
33:54 Padded Archer Armor
34:45 Counterweights
35:11 Hoardings
34:12 Crossbowman
34:58 Thumb Ring
34:23 Elite Skirmisher
35:34 Crossbowman
37:18 Bodkin Arrow
36:52 Arbalester
FlashKiller
10:22 Feudal Age
8:37 Loom
14:37 Castle Age
12:51 Double-Bit Axe
12:50 Horse Collar
22:52 Bow Saw
22:39 Town Watch
24:13 Gold Mining
27:51 Wheelbarrow
30:22 Imperial Age
28:15 Forging
28:06 Scale Mail Armor
29:40 Iron Casting
29:15 Heavy Plow
29:18 Pikeman
29:59 Squires
29:54 Arson
31:06 Chain Mail Armor
30:29 Halberdier
30:31 Capped Ram
32:21 Blast Furnace
32:41 Plate Mail Armor
31:32 Siege Ram
33:13 Onager
35:10 Siege Onager
38:55 Chemistry
39:39 Hand Cart
39:27 Town Patrol
RagnarLothbrok
10:36 Feudal Age
11:54 Double-Bit Axe
12:18 Horse Collar
14:50 Castle Age
15:07 Forging
16:14 Bow Saw
18:45 Loom
19:32 Heavy Plow
24:01 Wheelbarrow
24:16 Fletching
25:30 Scale Barding Armor
26:03 Stone Mining
26:15 Gold Mining
27:34 Stone Shaft Mining
27:35 Gold Shaft Mining
28:24 Iron Casting
31:02 Imperial Age
29:07 Bodkin Arrow
29:46 Chain Barding Armor
29:59 Padded Archer Armor
30:16 Bloodlines
30:44 Ballistics
31:45 Bracer
32:47 Chemistry
31:25 Heavy Scorpion
33:40 Thumb Ring
35:41 Loom
35:41 Town Watch
36:28 Elite Steppe Lancer
39:37 Leather Archer Armor
Blue Sky
9:46 Feudal Age
13:51 Castle Age
12:11 Double-Bit Axe
12:08 Horse Collar
21:44 Wheelbarrow
20:56 Loom
22:12 Heavy Plow
23:15 Hand Cart
23:19 Gold Mining
23:49 Stone Mining
27:37 Imperial Age
26:38 Gold Shaft Mining
26:42 Stone Shaft Mining
26:29 Scale Barding Armor
26:35 Forging
27:24 Bloodlines
27:15 Husbandry
27:49 Chain Barding Armor
27:16 Cavalier
28:56 Iron Casting
30:36 Plate Barding Armor
32:06 Blast Furnace
30:37 Savar
31:30 Fletching
31:15 Pikeman
31:56 Squires
31:42 Gambesons
32:26 Scale Mail Armor
32:53 Conscription
32:28 Halberdier
35:14 Chain Mail Armor
37:34 Crop Rotation
37:26 Arson
38:13 Plate Mail Armor
40:33 Chemistry
39:54 Ballistics
Cambo
10:10 Feudal Age
12:00 Loom
12:24 Fletching
18:22 Castle Age
16:45 Horse Collar
17:26 Double-Bit Axe
26:32 Gold Mining
26:50 Bodkin Arrow
27:37 Wheelbarrow
27:00 Stone Mining
28:42 Gold Shaft Mining
28:25 Padded Archer Armor
31:29 Imperial Age
29:55 Leather Archer Armor
30:43 Crossbowman
32:52 Bracer
32:15 Arbalester
33:34 Ring Archer Armor
33:19 Bow Saw
35:41 Sappers
40:25 Chemistry
Connection lost

Rejoining the realm…

Still unreachable

The connection could not be restored.

Session expired

The server has moved on; the page needs a fresh start.